Map: Torri del crepuscolo

Players

Rakija

  • Race: Terran Terran
  • League: Silver

Jhyrachy - Winner!

  • Race: Zerg Zerg
  • League: Gold

VOD

Have the link to the VOD?

Description

Time

  • Played on: May 27, 2016, 4:41 p.m.
  • Length: 8:03
Show
View Real Time Build Order
Export as new Build Order

Rakija Terran 

Build Orders:  

Get SALT Encoding   

  12  0:00  SCV  
  13  0:13  SCV  
  14  0:18  Supply Depot  
  14  0:25  SCV  
  15  0:39  SCV  
  15  0:40  Barracks  
  16  0:50  Refinery  
  16  0:51  SCV  
  17  1:03  SCV  
  18  1:15  SCV  
  19  1:28  SCV  
  20  1:36  Command Center  
  20  1:46  Barracks Reactor  
  20  1:48  Orbital Command  
  20  1:56  Supply Depot  
  20  2:17  SCV  
  21  2:30  Marine x2  
  21  2:33  Factory  
  23  2:43  SCV  
  24  2:48  Marine x2, Orbital Command  
  26  2:56  Refinery, SCV  
  27  3:06  Marine x2  
  27  3:08  SCV  
  30  3:18  Factory Reactor, Barracks  
  30  3:19  Barracks  
  30  3:22  Starport  
  30  3:26  SCV  
  31  3:29  Marine x2  
  31  3:33  SCV  
  34  3:59  SCV  
  35  4:03  Factory Tech Lab  
  35  4:04  Marine x2  
  35  4:08  Barracks Tech Lab  
  37  4:13  Engineering Bay  
  37  4:20  Command Center, SCV x2  
  39  4:31  Supply Depot  
  39  4:32  SCV  
  39  4:33  SCV  
  39  4:35  Supply Depot, Stimpack  
  41  4:39  Marine x2  
  41  4:41  Marine x2  
  41  4:45  SCV  
  46  4:48  Terran Infantry Weapons Level 1  
  46  4:53  SCV  
  46  4:56  Supply Depot  
  46  4:59  Supply Depot  
  47  5:02  Barracks Reactor  
  47  5:06  SCV  
  47  5:07  SCV  
  49  5:12  Refinery x2  
  49  5:16  Medivac  
  49  5:18  SCV  
  49  5:19  SCV  
  49  5:20  Medivac  
  55  5:26  Siege Tank  
  58  5:31  SCV x2  
  58  5:32  Marine x2  
  58  5:33  Marine  
  63  5:41  Marine x2  
  65  5:43  SCV  
  66  5:50  Marine x2  
  68  5:59  Marine x2  
  70  6:12  Marine x3  
  63  6:31  Missile Turret x2  
  60  6:40  Missile Turret x2  
Show
View Real Time Build Order
Export as new Build Order

Jhyrachy Zerg - Winner!

Build Orders: Hatch First 

Get SALT Encoding   

  12  0:01  Drone  
  13  0:10  Drone  
  14  0:17  Overlord  
  14  0:36  Drone x3  
  17  0:55  Drone  
  18  0:58  Hatchery  
  18  1:00  Extractor  
  18  1:01  Drone  
  17  1:17  Spawning Pool  
  16  1:21  Drone  
  16  1:23  Drone  
  18  1:35  Drone  
  19  1:42  Overlord  
  19  2:05  Metabolic Boost  
  19  2:07  Zergling x4  
  19  2:08  Queen  
  21  2:10  Queen  
  21  2:14  Drone  
  26  2:19  Drone  
  27  2:35  Overlord x2  
  27  2:36  Drone  
  29  2:37  Drone  
  29  2:43  Drone  
  30  2:50  Lair  
  30  2:56  Extractor  
  29  3:01  Extractor  
  29  3:05  Extractor  
  27  3:14  Drone x4  
  27  3:15  Drone  
  32  3:41  Drone x4  
  34  3:42  Drone x4  
  40  3:59  Spire  
  39  4:09  Spore Crawler  
  38  4:13  Spore Crawler  
  38  4:15  Drone x2  
  39  4:17  Drone x3  
  42  4:27  Drone x2  
  42  4:28  Overlord x2  
  44  5:07  Pneumatized Carapace  
  44  5:13  Mutalisk x7  
  44  5:14  Mutalisk  
  60  5:37  Overlord x2  
  60  5:40  Hatchery  
  59  5:55  Queen  
  61  6:12  Roach Warren  
  61  6:18  Mutalisk x7  
  74  7:00  Roach  
  74  7:01  Roach x5  
  82  7:02  Queen  
  80  7:10  Roach  
  80  7:11  Roach x3  
Tags
 
Add a new tag
Caveats
  • Supply blocks, unpowered buildings, or Contaminate may cause inaccurate times.
  • Supply counts are checked every 10 seconds.